 Dungeon Crawl Stone Soup version 0.21.1-1-g345015f (webtiles) character file.

91 sking99 the Bolt Thrower (level 4, 0/27 HPs)
             Began as a Kobold Hunter on July 1, 2018.
             Slain by a gnoll
             ... wielding a +0 spear
              (8 damage)
             ... on level 3 of the Dungeon.
             The game lasted 00:04:05 (2169 turns).

sking99 the Bolt Thrower (Kobold Hunter)            Turns: 2169, Time: 00:04:06

Health: 0/27       AC:  4    Str: 10    XL:     4   Next: 87%
Magic:  4/4        EV: 15    Int: 12    God:
Gold:   162        SH:  0    Dex: 15    Spells: 3/3 levels left

rFire    . . .     SeeInvis .   b - +0 short sword
rCold    . . .     Gourm    .   (shield restricted)
rNeg     . . .     Faith    .   c - +0 leather armour
rPois    .         Spirit   .   (no helmet)
rElec    .         Reflect  .   (no cloak)
rCorr    .         Harm     .   l - +0 pair of gloves
MR       .....                  (no boots)
Stlth    ++........             (no amulet)
HPRegen  0.09/turn              (no ring)
MPRegen  0.09/turn              (no ring)

@: no status effects
A: small, carnivore
a: no special abilities


You were on level 3 of the Dungeon.
You were completely stuffed.

You visited 1 branch of the dungeon, and saw 3 of its levels.

You collected 162 gold pieces.

Inventory:

Hand Weapons
 a - a +1 hand crossbow
 b - a +0 short sword (weapon)
Armour
 c - a +0 leather armour (worn)
 i - a +0 chain mail
 l - a +0 pair of gloves (worn)
Jewellery
 e - an uncursed ring of resist corrosion {unknown}
Wands
 v - a wand of paralysis (11)
Scrolls
 g - 5 scrolls of identify {unknown}
 h - a scroll of enchant weapon {unknown}
 j - 4 scrolls of magic mapping {unknown}
 k - a scroll of amnesia {unknown}
 n - 2 scrolls of fog {unknown}
 o - a scroll of fear {unknown}
 p - 2 scrolls of remove curse {unknown}
 q - 2 scrolls of teleportation {unknown}
 s - 2 scrolls of blinking {unknown}
 u - 2 scrolls of random uselessness {unknown}
Potions
 m - a potion of curing {unknown}
 t - a potion of resistance {unknown}
Comestibles
 f - 7 rations
 r - 3 chunks of flesh


   Skills:
 + Level 2.9 Fighting
 * Level 5.9 Crossbows
 + Level 3.2 Dodging
 + Level 3.0 Stealth


You had 3 spell levels left.
You didn't know any spells.

Dungeon Overview and Level Annotations

Branches:
Dungeon (3/15)

Altars:
Uskayaw


Innate Abilities, Weirdness & Mutations

You are small and have problems with some larger weapons.
You are carnivorous and can eat meat at any time.


Message History

b - a +0 short sword (weapon)
The gnoll barely misses you.
You hit the gnoll.
The gnoll is moderately wounded.
The gnoll hits you with a spear! The gnoll misses you.
You hit the gnoll but do no damage.
The gnoll is moderately wounded.
The gnoll hits you but does no damage.
You hit the gnoll.
The gnoll is heavily wounded.
The gnoll barely misses you. The gnoll closely misses you.
You closely miss the gnoll.
The gnoll is heavily wounded.
The gnoll hits you but does no damage. The gnoll barely misses you.
You closely miss the gnoll.
The gnoll is heavily wounded.
The gnoll hits you from afar with a halberd!
* * * LOW HITPOINT WARNING * * *
The gnoll hits you with a spear!
You die...

..........#
#.#
###########
#.# #.# #.#
#.# #.# #.#
########(#
..((Sgg@.#
##########


You could see 2 gnolls and an adder.

Vanquished Creatures
  A gnoll (D:3)
  2 adders (D:2)
  A worm (D:2)
  2 dart slugs (D:1)
  A leopard gecko (D:1)
  11 bats
  2 giant cockroaches (D:2)
  3 goblins
  10 hobgoblins
  2 jackals (D:1)
  A quokka (D:3)
  3 frilled lizards
  9 kobolds
  5 rats
53 creatures vanquished.

Notes
Turn   | Place    | Note
-------+----------+-------------------------------------------
     0 | D:1      | sking99 the Kobold Hunter began the quest for the Orb.
     0 | D:1      | Reached XP level 1. HP: 12/12 MP: 1/1
   202 | D:1      | Reached skill level 5 in Crossbows
   204 | D:1      | Reached XP level 2. HP: 18/18 MP: 2/2
   559 | D:1      | Reached XP level 3. HP: 22/22 MP: 3/3
  1351 | D:2      | Found a hide-covered altar of Uskayaw.
  1417 | D:2      | Reached XP level 4. HP: 27/27 MP: 4/4
  2169 | D:3      | Slain by a gnoll

Skill      XL: |  1  2  3  4 |
---------------+-------------+-----
Crossbows      | 5 |  5.9
Stealth        | 2 3 |  3.0
Dodging        | 3 |  3.2
Fighting       | |  2.9

Action                   |  1- 3 |  4- 6 || total
-------------------------+-------+-------++-------
Melee: Short sword       |       |     5 ||     5
 Fire: Hand crossbow     |    69 |    30 ||    99
  Eat: Chunk             |    10 |     2 ||    12
Armor: Leather armour    |     2 |     1 ||     3
Dodge: Dodged            |    11 |    10 ||    21
